 Dungeon Crawl Stone Soup version 0.25-a0-544-gee0576305d (webtiles) character file.

Game seed: 7269356590405911343, levelgen mode: classic

74 EnegeticOcto the Covered (level 4, -2/42 HPs)
             Began as a Deep Dwarf Fighter on Feb 20, 2020.
             Slain by an ogre
             ... wielding a +0 giant club
              (22 damage)
             ... on level 4 of the Dungeon.
             The game lasted 00:00:47 (571 turns).

EnegeticOcto the Covered (Deep Dwarf Fighter)        Turns: 571, Time: 00:00:47

Health: -2/42      AC:  8    Str: 23    XL:     4   Next: 10%
Magic:  4/4        EV:  8    Int:  9    God:
Gold:   54         SH:  9    Dex: 12    Spells: 3/3 levels left

rFire    . . .     SeeInvis .   a - +0 war axe
rCold    . . .     Gourm    .   c - +0 kite shield
rNeg     . . .     Faith    .   b - +0 scale mail
rPois    .         Spirit   .   (no helmet)
rElec    .         Reflect  .   (no cloak)
rCorr    .         Harm     .   (no gloves)
MR       .....                  f - +0 pair of boots
Stlth    ..........             (no amulet)
HPRegen  0.00/turn              g - +3 ring of strength
MPRegen  0.09/turn              (no ring)

@: non-regenerating
A: damage resistance, heal wounds, sense surroundings 1, no regeneration
a: Heal Wounds


You were on level 4 of the Dungeon.
You were not hungry.

You visited 1 branch of the dungeon, and saw 4 of its levels.

You collected 54 gold pieces.

Inventory:

Hand Weapons
 a - a +0 war axe (weapon)
Armour
 b - a +0 scale mail (worn)
 c - a +0 kite shield (worn)
 f - a +0 pair of boots (worn)
Jewellery
 g - a +3 ring of strength (left hand)
Scrolls
 d - 2 scrolls of enchant weapon {unknown}
 h - a scroll of remove curse {unknown}
 j - a scroll of magic mapping {unknown}
Potions
 k - a potion of might {@q3}
 l - a potion of degeneration {unknown}
Comestibles
 e - 5 rations
 i - 5 chunks of flesh


   Skills:
 * Level 3.3 Fighting
 * Level 3.2 Axes
 + Level 3.7 Armour
 + Level 1.2 Dodging
 + Level 3.6 Shields


You had 3 spell levels left.
You didn't know any spells.
Your spell library was empty.

Dungeon Overview and Level Annotations

Branches:
Dungeon (4/15)
 Temple: D:4-7

Altars:

Shops:
D:4 *


Innate Abilities, Weirdness & Mutations

You are resistant to damage.
You can heal yourself by infusing magical energy.
You passively map a small area around you.
You do not regenerate.


Message History

The worker ant waves its antennae.
The worker ant bites you. You block the worker ant's attack.
You hit the worker ant but do no damage.
The worker ant is lightly wounded.
The worker ant barely misses you.
You closely miss the worker ant.
The worker ant is lightly wounded.
You block the worker ant's attack. x2
You barely miss the worker ant.
The worker ant is lightly wounded.
The worker ant bites you but does no damage.
The worker ant bites you.
You slash the worker ant!
The worker ant is severely wounded.
You block the worker ant's attack.
You closely miss the worker ant.
The worker ant is severely wounded.
You block the worker ant's attack.
The worker ant bites you but does no damage.
You slash the worker ant!
You kill the worker ant!
Your Axes skill increases to level 3!
You have reached level 4!
You feel clever.
Unknown command.
You feel much better.
You butcher the worker ant corpse.
i - 8 chunks of flesh (gained 2)
There is a stone staircase leading up here.
Some of the chunks of flesh in your inventory have rotted away.
Found a flail.
You now have 37 gold pieces (gained 18).
A worm comes into view.
A worm is nearby!
A worm is nearby!
You hit the worm.
The worm is lightly wounded.
You block the worm's attack.
You hit the worm.
The worm is heavily wounded.
The worm bites you!
Your shield and scale mail prevent you from hitting the worm.
The worm is heavily wounded.
You block the worm's attack.
You slash the worm!
You kill the worm!
No target in view!
No target in view!
No target in view!
No target in view!
No target in view!
You now have enough gold to buy a scroll of teleportation on this level, or buy a scroll of magic mapping on this level.
You can access your shopping list by pressing '$'.
You now have 54 gold pieces (gained 17).
An orc comes into view. It is wielding a +0 flail.
Found a fizzy sapphire potion.
An orc is nearby!
An orc is nearby!
An orc is nearby!
An orc is nearby!
An ogre comes into view. It is wielding a +0 giant club.
The ogre shouts!
A jackal comes into view.
The ogre moves out of view.
The jackal barks!
The orc shouts!
The orc hits you but does no damage.
You completely miss the orc. You closely miss the jackal.
You block the orc's attack. You block the jackal's attack.
The ogre hits you with a +0 giant club.
The jackal bites you but does no damage.
You hit the ogre.
The ogre is lightly wounded.
You miss the jackal. You hit the orc. The orc barely misses you.
The jackal bites you but does no damage.
The ogre closely misses you. The orc hits you with a +0 flail.
The jackal bites you but does no damage.
You hit the orc but do no damage.
The orc is heavily wounded.
You hit the ogre. You closely miss the jackal. The jackal barely misses you.
You block the ogre's attack. You block the orc's attack.
The jackal bites you but does no damage.
You barely miss the orc.
The orc is heavily wounded.
Your shield and scale mail prevent you from hitting the ogre.
You barely miss the jackal.
The jackal bites you but does no damage.
The ogre closely misses you. The orc barely misses you.
The jackal closely misses you.
You hit the orc.
You kill the orc!
You hit the jackal but do no damage. You slash the ogre!
The jackal bites you but does no damage.
The ogre hits you with a +0 giant club! You block the jackal's attack.
You slash the ogre!
The ogre is almost dead.
You slash the jackal!
You kill the jackal!
The ogre hits you with a +0 giant club!!
Ouch! That really hurt!
You die...

* * # ........# #####.
#..####.# #...#.####..#
#.# # * #.......#... #.#
# ........#..# #.# # ,
...........# #.# #
........#..#####.#######
......).#...............
,
......†@.........#######
.......O.......###......
, * .......###.#####
#.##### , ,......#* #.#
#.# # .....#* ..# #.# #
, #...# !### #.# # , ,
##.# #.* #.##### *.#* #,
#.##... , * #.##.##


You could see an ogre.

Vanquished Creatures
  A worker ant (D:4)
  2 adders
  3 worms
  A dart slug (D:3)
  A leopard gecko (D:4)
  An orc (D:4)
  3 bats (D:3)
  2 giant cockroaches
  2 goblins
  A jackal (D:4)
  2 kobolds (D:3)
  A ball python (D:3)
  A frilled lizard (D:2)
  A rat (D:3)
22 creatures vanquished.

Notes
Turn   | Place    | Note
-------+----------+-------------------------------------------
     0 | D:1      | EnegeticOcto the Deep Dwarf Fighter began the quest for the
                  | Orb.
     0 | D:1      | Reached XP level 1. HP: 20/20 MP: 1/1
   244 | D:3      | Reached XP level 2. HP: 25/27 MP: 2/2
   372 | D:4      | Found Tian's General Store.
   388 | D:4      | Reached XP level 3. HP: 22/34 MP: 3/3
   389 | D:4      | Reached skill level 1 in Dodging
   479 | D:4      | Reached XP level 4. HP: 21/42 MP: 4/4
   562 | D:4      | Noticed an ogre
   571 | D:4      | Slain by an ogre

Levels and vault maps discovered:
D:1:      minmay_arrival_pointy, layout_rooms, minivault_27
D:2:      layout_loops_ring, old_standard_altar, minmay_crystal_water,
          fedhas_altar_4
D:3:      layout_basic, minitemple
D:4:      layout_loops_ring, first_ration, serial_shops,
          nicolae_shop_waterfront, led_sif_book

Skill      XL: |  1  2  3 |
---------------+----------+-----
Fighting       | 3 |  3.3
Dodging        | 1 |  1.2
Axes           | 3 |  3.2
Armour         | |  3.7
Shields        | |  3.6

Action                   |  1- 3 |  4- 6 || total
-------------------------+-------+-------++-------
Melee: War axe           |    88 |    10 ||    98
 Abil: Heal Wounds       |       |     1 ||     1
Armor: Scale mail        |    28 |     7 ||    35
Dodge: Dodged            |    26 |     6 ||    32
Block: Kite shield       |    49 |     7 ||    56

Table legend:
 A = Non-vault XP
 B = Vault XP
 C = Vault XP percentage of total XP
 D = Non-vault monster count
 E = Vault monster count
 F = Vault count percentage of total count
                 A         B        C        D         E       F
            +---------+---------+-------+---------+---------+-------
      Total |     107 |       0 |   0.0 |      22 |       0 |   0.0
            +---------+---------+-------+---------+---------+-------
        D:2 |       3 |       0 |   0.0 |       2 |       0 |   0.0
        D:3 |      37 |       0 |   0.0 |      12 |       0 |   0.0
        D:4 |      67 |       0 |   0.0 |       8 |       0 |   0.0
            +---------+---------+-------+---------+---------+-------
